 Dungeon Crawl Stone Soup version 0.31.0-11-ge490571c62 (webtiles) character file.

Game seed: 8209862753439921302

1050 Rassilon the Trooper (level 8, -5/51 HPs)
             Began as a Gargoyle Fighter on Feb 1, 2024.
             Engulfed by a steam dragon's steam (12 damage)
             ... on level 5 of the Dungeon.
             The game lasted 00:13:00 (4332 turns).

Rassilon the Trooper (Gargoyle Fighter)             Turns: 4332, Time: 00:13:01

Health: -5/51      AC: 15    Str: 22    XL:     8   Next: 26%
Magic:  8/8        EV: 14    Int:  9    God:
Gold:   258        SH:  5    Dex:  9    Spells: 7/7 levels left

rFire   . . .        a - +1 flail
rCold   . . .        c - +0 buckler
rNeg    + . .        b - +0 scale mail
rPois   ∞            g - +1 helmet
rElec   +            (no cloak)
rCorr   .            (no gloves)
SInv    .            (no boots)
Will    .....        (no amulet) Stlth
                     p - +5 ring of evasion
HPRegen 0.28/turn    (no ring)
MPRegen 0.11/turn

%: no passive effects
@: no status effects
A: sickness immunity, AC +5, negative energy resistance 1, electricity
resistance, torment resistance 1, petrification resistance
a: no special abilities


You were on level 5 of the Dungeon.
You visited 1 branch of the dungeon, and saw 5 of its levels.

You collected 258 gold pieces.

Inventory:

Hand Weapons
 a - a +1 flail (weapon)
Missiles
 h - 5 curare-tipped darts (quivered)
Armour
 b - a +0 scale mail (worn)
 c - a +0 buckler (worn)
 g - a +1 helmet (worn)
Jewellery
 p - a +5 ring of evasion (left hand)
 t - a ring of see invisible
Wands
 o - a wand of flame (14)
Scrolls
 e - 2 scrolls of enchant weapon
 f - a scroll of vulnerability
 i - a scroll of fog
 k - a scroll of enchant armour {unknown}
 m - a scroll of brand weapon {unknown}
 q - a scroll of torment {unknown}
 s - a scroll of immolation {unknown}
 u - a scroll of revelation {unknown}
Potions
 r - a potion of curing


   Skills:
 + Level 6.1 Fighting
 + Level 5.0 Maces & Flails
 + Level 6.1 Armour
 - Level 6.0 Shields


You had 7 spell levels left.
You didn't know any spells.
Your spell library contained the following spells:

 Spells                   Type           Power      Damage    Failure   Level
 Blink                    Tloc           0%         N/A       87%         2
 Call Imp                 Summ           0%         N/A       87%         2
 Lesser Beckoning         Tloc           0%         N/A       87%         2
 Momentum Strike          Conj/Tloc      0%         3d8       87%         2
 Ignite Poison            Fire/Alch      0%         N/A       100%        4
 Sticky Flame             Fire/Alch      0%         2d4       100%        4
 Summon Hydra             Summ           0%         N/A       100%        7
 Ignition                 Fire           0%         3d3       100%        8
 Sublimation of Blood     Necr           Unusable   N/A       N/A         2

Dungeon Overview and Level Annotations

Branches:
Dungeon (5/15)
 Temple: D:4-7

Altars:
Qazlal
Wu Jian

Shops:
D:5 [


Innate Abilities, Weirdness & Mutations

You are immune to sickness and miasma.
Your stone body is resilient. (AC +5)
You are immune to poison.
You resist negative energy. (rN+)
You are resistant to electric shocks. (rElec)
You are resistant to unholy torment.
You are immune to petrification.


Message History

You hit the steam dragon.
The steam dragon is lightly wounded.
You block the steam dragon's attack. The steam dragon closely misses you.
You block the steam dragon's attack. The steam dragon completely misses you.
You hit the steam dragon.
The steam dragon is moderately wounded.
You block the steam dragon's attack. The steam dragon closely misses you.
You barely miss the steam dragon.
The steam dragon is moderately wounded.
The steam dragon misses you. The steam dragon barely misses you.
You closely miss the steam dragon.
The steam dragon is moderately wounded.
The steam dragon breathes steam at you. The ball of steam hits you!
You open the door.
You are engulfed in a cloud of scalding steam.
You block the steam dragon's attack. The steam dragon closely misses you.
There is an open door here.
You sock the steam dragon!
The steam dragon is severely wounded.
The steam dragon breathes steam at you. The ball of steam hits you!!
* * * LOW HITPOINT WARNING * * *
The steam dragon bites you but does no damage.
The steam dragon misses you.
You hit the steam dragon but do no damage.
The steam dragon is severely wounded.
The steam dragon closely misses you. The steam dragon misses you.
You hit the steam dragon but do no damage.
The steam dragon is severely wounded.
The steam dragon breathes steam at you. The ball of steam hits you.
* * * LOW HITPOINT WARNING * * *
The steam dragon bites you but does no damage.
The steam dragon misses you. The steam dragon closely misses you. x2
You hit the steam dragon but do no damage.
The steam dragon is heavily wounded.
You are engulfed in a cloud of scalding steam.
You die...

..........'...#.
............#...#.
............#...#. ###
.........†..#...+.
#...##+###........?..#####.
#........#.....#####.......
######..§#.....#...#......#
##..#.....#...#......' #PP.
##.#@.§..#...#......# #P...
#.D§§§§§#...#......#


PP..D #.#§§...#...#......# .P.... #.#.§...###'#......# #.~.~.
##.#................. #≈P.~P##..#§.<.............. #....#.................
#....+................. ##...#................. You could see a steam dragon
(catching breath).

Vanquished Creatures
  Pikel (D:4)
  2 scorpions
  2 orc priests (D:4)
  A sleepcap (D:5)
  Jessica (D:2)
  2 iguanas (D:4)
  Natasha (twice) (D:3)
  Terence (D:2)
  8 adders
  8 gnolls
  4 dart slugs
  3 ribbon worms
  4 orcs
  6 endoplasms
  3 giant cockroaches
  9 hobgoblins
  10 jackals
  5 quokkas
  3 ball pythons
  A bat (D:1)
  3 frilled lizards
  6 goblins
  6 kobolds
  4 rats
95 creatures vanquished.

Notes
Turn   | Place    | Note
-------+----------+-------------------------------------------
     0 | D:1      | Rassilon the Gargoyle Fighter began the quest for the Orb.
     0 | D:1      | Reached XP level 1. HP: 14/14 MP: 1/1
   116 | D:1      | Reached XP level 2. HP: 19/19 MP: 2/2
  1075 | D:2      | Reached XP level 3. HP: 18/23 MP: 3/3
  1197 | D:2      | Noticed Terence
  1212 | D:2      | Killed Terence
  1213 | D:2      | Reached XP level 4. HP: 29/29 MP: 4/4
  1427 | D:2      | HP: 1/29 [gnoll/+0 halberd (1)]
  1674 | D:2      | Reached XP level 5. HP: 33/33 MP: 5/5
  1793 | D:2      | Noticed Jessica
  1801 | D:2      | Killed Jessica
  2312 | D:3      | Reached XP level 6. HP: 22/39 MP: 6/6
  2576 | D:3      | Noticed Natasha
  2583 | D:3      | Killed Natasha
  2849 | D:3      | Noticed Natasha
  2856 | D:3      | Killed Natasha
  3088 | D:4      | Reached skill level 5 in Fighting
  3172 | D:4      | Found a stormy altar of Qazlal.
  3288 | D:4      | Noticed Pikel
  3303 | D:4      | Killed Pikel
  3304 | D:4      | Reached skill level 5 in Armour
  3304 | D:4      | Reached skill level 5 in Shields
  3304 | D:4      | Reached XP level 7. HP: 11/45 MP: 7/7
  3304 | D:4      | Reached XP level 8. HP: 13/51 MP: 8/8
  3756 | D:4      | Found an ornate altar of the Wu Jian Council.
  4041 | D:5      | Entered Level 5 of the Dungeon
  4082 | D:5      | Reached skill level 5 in Maces & Flails
  4165 | D:5      | Found Xiseczar's Antique Armour Shop.
  4332 | D:5      | Engulfed by a steam dragon's steam

Illustrated notes

Levels and vault maps discovered:
D:1:      kilobyte_arrival_exit_the_forest, layout_loops_ring,
          grunt_decor_resistance
D:2:      layout_loops_corners, uniq_terence, uniq_jessica
D:3:      layout_loops_cross, minmay_misc_feat_four_crosses, uniq_natasha
D:4:      layout_basic, kennysheep_mini_moat, mainiacjoe_overflow_paths,
          hangedman_abyss_or_decor_stabs, uniq_pikel
D:5:      kennysheep_steamy, layout_gridville, overflow_temple_1_default,
          gammafunk_ghost_abyssal_escape, serial_shops, shop

Skill      XL: |  1  2  3  4  5  6  7  8 |
---------------+-------------------------+-----
Fighting       | 4 5 6 |  6.1
Armour         | 4 5 6 |  6.1
Shields        | 4 5 6 |  6.0
Maces & Flails | 3 4 5 |  5.0

Action                     |  1- 3 |  4- 6 |  7- 9 || total
---------------------------+-------+-------+-------++-------
  Melee: Flail             |   117 |   249 |    77 ||   443
    Use: Potion            |     1 |     3 |     2 ||     6
         Scroll            |       |       |     7 ||     7
 Armour: Scale mail        |   102 |   173 |    49 ||   324
  Dodge: Dodged            |    61 |   146 |    66 ||   273
  Block: Buckler           |    20 |    49 |    23 ||    92
